 Dungeon Crawl Stone Soup version 0.23.2-40-g277498a001 (webtiles) character file.

Game seed: 14732682357913321442

126 Gildeon the Insei (level 5, 0/33 HPs)
             Began as an Octopode Transmuter on Oct 8, 2019.
             Slain by a jackal (3 damage)
             ... while paralysed by a gnoll
             ... on level 3 of the Dungeon.
             The game lasted 00:13:37 (2563 turns).

Gildeon the Insei (Octopode Transmuter)             Turns: 2563, Time: 00:13:37

Health: 0/33       AC:  2    Str: 11    XL:     5   Next: 9%
Magic:  8/9        EV:  2    Int: 15    God:
Gold:   99         SH:  0    Dex: 12    Spells: 3/9 levels left

rFire    + . .     SeeInvis .     - Unarmed
rCold    x . .     Gourm    .   (no shield)
rNeg     . . .     Faith    .   (helmet restricted)
rPois    .         Spirit   .   (no amulet)
rElec    .         Reflect  .   b - ring of fire
rCorr    .         Harm     .   h - +1 ring of protection
MR       .....                  (no ring)
Stlth    +++.......             (no ring)
HPRegen  0.11/turn              (no ring)
MPRegen  0.11/turn              (no ring)
                                (no ring)
                                (no ring)

@: paralysed, appendage
A: almost no armour, stealthy swim, amphibious, 8 rings, constrict 8, tentacle
spike 3, camouflage 1, gelatinous body 1
a: End Transformation


You were on level 3 of the Dungeon.
You were not hungry.
One of your tentacles had a temporary spike.
You visited 1 branch of the dungeon, and saw 3 of its levels.

You collected 99 gold pieces.

Inventory:

Missiles
 a - 38 arrows
Armour
 m - a +1 buckler
Jewellery
 b - a ring of fire (left tentacle)
 h - a +1 ring of protection (right tentacle)
Potions
 g - a potion of curing
 j - a potion of berserk rage {unknown}
 k - a potion of heal wounds {unknown}
 l - a potion of ambrosia {unknown}
Comestibles
 c - 6 rations
 d - 2 chunks of flesh


   Skills:
 - Level 1.0 Fighting
 + Level 2.8 Dodging
 + Level 2.7 Stealth
 + Level 3.6 Unarmed Combat
 + Level 2.7 Spellcasting
 + Level 2.8 Transmutations


You had 3 spell levels left.
You knew the following spells:

 Your Spells              Type           Power        Failure   Level  Hunger
a - Beastly Appendage     Tmut           ##....       6%          1    #......
b - Sticks to Snakes      Tmut           ##......     10%         2    ##.....
c - Spider Form           Tmut/Pois      #.........   34%         3    ###....

Your spell library contained the following spells:

 Spells                   Type           Power        Failure   Level  Hunger
 Ice Form                 Ice/Tmut       #.......     75%         4    #####..
 Blade Hands              Tmut           ##........   87%         5    ######.


Dungeon Overview and Level Annotations

Branches:
Dungeon (3/15)

Altars:
Vehumet

Annotations:
D:3 exclusion: scorpion


Innate Abilities, Weirdness & Mutations

You cannot wear most types of armour.
You are very stealthy in the water. (Stealth+)
You are amphibious.
You can wear up to eight rings at the same time.
You can use your tentacles to constrict eight enemies at once.
Your skin changes colour to match your surroundings (Stealth+).
Your rubbery body absorbs attacks. (AC +1, EV +1)
One of your tentacles bears a large vicious spike.


Message History

You squeeze the jackal, but do no damage.
The jackal is severely wounded.
You constrict the jackal, but do no damage.
The jackal bites you.
You bludgeon the jackal!
You kill the jackal!
The gnoll hits you from afar with a +0 spear!
You tentacle-slap the orc but do no damage.
You grab the orc. You tentacle-slap the orc. You squeeze the orc.
You kill the orc!
The gnoll zaps a wand.
You suddenly lose the ability to move!
The gnoll hits you from afar with a +0 spear.
* * * LOW HITPOINT WARNING * * *
The gnoll hits you from afar with a +0 spear.
* * * LOW HITPOINT WARNING * * *
A jackal comes into view.
The gnoll hits you from afar with a +0 spear.
* * * LOW HITPOINT WARNING * * *
The jackal bites you.
You die...

##### ##
######
#.@hg#
#.##.# #.
..# ......
........
#.#.#..#..
#.#.#..#...
#.#....#..##


You could see a gnoll and a jackal.

Vanquished Creatures
  An orc wizard (D:3)
  2 adders (D:2)
  An ooze (D:2)
  A worm (D:2)
  6 dart slugs
  4 orcs
  A ball python (D:2)
  10 bats
  A giant cockroach (D:2)
  5 goblins
  3 hobgoblins (D:2)
  6 jackals
  2 quokkas
  4 frilled lizards
  3 kobolds
  8 rats
58 creatures vanquished.

Notes
Turn   | Place    | Note
-------+----------+-------------------------------------------
     0 | D:1      | Gildeon the Octopode Transmuter began the quest for the
                  | Orb.
     0 | D:1      | Reached XP level 1. HP: 13/13 MP: 3/3
    89 | D:1      | Reached XP level 2. HP: 14/18 MP: 3/5
    96 | D:1      | Reached skill level 1 in Stealth
   295 | D:1      | Learned a level 2 spell: Sticks to Snakes
   625 | D:1      | Reached XP level 3. HP: 19/23 MP: 6/6
   711 | D:1      | Learned a level 3 spell: Spider Form
  1443 | D:2      | Reached XP level 4. HP: 12/28 MP: 7/7
  2051 | D:3      | Found a radiant altar of Vehumet.
  2237 | D:3      | Noticed an ogre
  2374 | D:3      | Reached XP level 5. HP: 23/33 MP: 6/9
  2560 | D:3      | Paralysed by a gnoll for 4 turns
  2563 | D:3      | Slain by a jackal

Skill      XL: |  1  2  3 |
---------------+----------+-----
Stealth        | 1 2 |  2.7
Fighting       | |  1.0
Dodging        | |  2.8
Unarmed Combat | |  3.6
Spellcasting   | |  2.7
Transmutations | |  2.8

Action                   |  1- 3 |  4- 6 || total
-------------------------+-------+-------++-------
Melee: Unarmed           |    80 |    61 ||   141
       Constrict         |    19 |    18 ||    37
       Kick              |    11 |     5 ||    16
       Tentacles         |    13 |     9 ||    22
       Punch             |       |     2 ||     2
 Cast: Beastly Appendage |    12 |     6 ||    18
       Sticks to Snakes  |       |     4 ||     4
  Use: Scroll            |       |     3 ||     3
 Stab: Sleeping          |     4 |     4 ||     8
       Distracted        |       |     1 ||     1
  Eat: Chunk             |     2 |     2 ||     4
       Ration            |       |     1 ||     1
Armor: Skin              |    14 |    19 ||    33
Dodge: Dodged            |    42 |    52 ||    94
